 Dungeon Sprint DCSS version 0.15.2 (webtiles) character file.

1320 linden the Bludgeoner (level 8, -7/101 HPs)
             Began as an Ogre Berserker on Jan 23, 2015.
             Was an Elder of Trog.
             Mangled by a demonic crawler (11 damage)
             ... in the Dungeon (Sprint I: "Red Sonja").
             The game lasted 00:02:55 (835 turns).

linden the Bludgeoner (Ogre Berserker)               Turns: 835, Time: 00:02:56

HP  -7/101       AC  3     Str 23      XL: 8   Next: 59%
MP   8/8         EV 11     Int  8      God: Trog [****..]
Gold 405         SH  0     Dex  9      Spells:  0 memorised,  7 levels left

rFire  . . .     SeeInvis .     j - +0 giant club
rCold  . . .     Clarity  .     b - +0 animal skin
rNeg   . . .     rCorr    .     (shield restricted)
rPois  .         rRot     .     (helmet restricted)
rElec  .         Spirit   .     (no cloak)
SustAb .         Warding  .     (gloves unavailable)
rMut   .         NoTele   +     (boots unavailable)
Gourm  .                        (no amulet)
MR     ++...                    (no ring)
                                (no ring)

@: exhausted, regenerating, slowed, very slow, very resistant to hostile
enchantments, very unstealthy
A: unfitting armour, tough skin 1
a: Burn Spellbooks, Berserk, Trog's Hand, Brothers in Arms, Renounce Religion


You were in the Dungeon.
You worshipped Trog.
Trog was greatly pleased with you.
You were not hungry.

You visited 1 branch You collected 405 gold pieces.

Inventory:

Hand weapons
 a - a +0 mace
 j - a +0 giant club (weapon)
Armour
 b - a +0 animal skin (worn)
Scrolls
 i - a scroll of blinking
Potions
 d - 2 potions of curing
 e - a potion of heal wounds
 f - a potion of haste
 g - 2 potions of magic
 h - a potion of berserk rage


   Skills:
 - Level 12.4 Fighting
 - Level 18.3 Maces & Flails
 + Level 5.9 Dodging


You had 7 spell levels left.
You didn't know any spells.

Dungeon Overview and Level Annotations

Branches:
Dungeon (1/1)

Altars:
Cheibriados
Dithmenos
Elyvilon
Fedhas
Kikubaaqudgha
Makhleb
Nemelex Xobeh
Okawaru
Qazlal
Sif Muna
Trog
Vehumet
Xom
Yredelemnul
Zin
The Shining One
Jiyva

Shops:
D (


Innate Abilities, Weirdness & Mutations

You are too large for most types of armour.
You have tough skin (AC +1).


Message History

You feel a strong urge to attack something.
There is an open door, spattered with blood here.
You completely miss the demonic crawler.
The demonic crawler hits you!
* * * LOW HITPOINT WARNING * * *
The demonic crawler hits you.
* * * LOW HITPOINT WARNING * * *
The demonic crawler barely misses you.
You bludgeon the demonic crawler!!
The demonic crawler is heavily wounded.
You are no longer berserk.
You are exhausted.
You feel yourself slow down.
You sock the demonic crawler!
The demonic crawler is severely wounded.
The demonic crawler barely misses you. The demonic crawler misses you.
The demonic crawler barely misses you. The demonic crawler hits you.
* * * LOW HITPOINT WARNING * * *
The demonic crawler hits you!
You die...

######################
..'..#..'..#__#.@ss..#
[.#..').#..'..'..#s.%##+#
####'#####'#__####...'..#
###..#...#[#### #####..+
_.####..##[# ##
_..._##'#..+ _.∩...'..._#
_..._##_.#+# _____###+#


You could see 3 demonic crawlers.

Vanquished Creatures
  A demonic crawler (D)
  2 kobold demonologists (D)
  A slime creature (D)
  A yak (D)
  An ogre (D)
  Sigmund (D)
  A jelly (D)
  Ijyb (D)
  A giant eyeball (D)
10 creatures vanquished.

Notes
Turn   | Place    | Note
--------------------------------------------------------------
     0 | D        | linden, the Ogre Berserker, began the quest for the Orb.
     0 | D        | Reached XP level 1. HP: 24/24 MP: 1/1
     1 | D        | Noticed Ijyb
    22 | D        | Killed Ijyb
    22 | D        | Reached skill level 7 in Maces & Flails
    22 | D        | Reached XP level 2. HP: 22/32 MP: 2/2
   218 | D        | Noticed an ogre
   221 | D        | Killed an ogre
   221 | D        | Reached skill level 11 in Maces & Flails
   221 | D        | Reached XP level 3. HP: 27/39 MP: 3/3
   221 | D        | Reached XP level 4. HP: 33/48 MP: 4/4
   384 | D        | Noticed Sigmund
   388 | D        | Killed Sigmund
   388 | D        | Acquired Trog's second power
   388 | D        | Reached skill level 13 in Maces & Flails
   388 | D        | Reached XP level 5. HP: 54/54 MP: 5/5
   408 | D        | Found a deep blue altar of Sif Muna.
   409 | D        | Noticed a jelly
   410 | D        | Found a radiant altar of Vehumet.
   414 | D        | Killed a jelly
   414 | D        | Reached skill level 14 in Maces & Flails
   464 | D        | Found Thruddom's Antique Weapon Emporium.
   464 | D        | Found a white marble altar of Elyvilon.
   464 | D        | Found a stormy altar of Qazlal.
   464 | D        | Found a burning altar of Makhleb.
   464 | D        | Found a basalt altar of Yredelemnul.
   464 | D        | Found a glowing golden altar of the Shining One.
   464 | D        | Found a sparkling altar of Nemelex Xobeh.
   464 | D        | Found a shimmering altar of Xom.
   464 | D        | Found an ancient bone altar of Kikubaaqudgha.
   464 | D        | Found a glowing silver altar of Zin.
   464 | D        | Noticed a yak
   466 | D        | Killed a yak
   466 | D        | Reached skill level 16 in Maces & Flails
   466 | D        | Reached XP level 6. HP: 62/62 MP: 6/6
   467 | D        | Found an iron altar of Okawaru.
   470 | D        | Found a bloodstained altar of Trog.
   554 | D        | Found a viscous altar of Jiyva.
   554 | D        | Found a blossoming altar of Fedhas.
   554 | D        | Noticed a slime creature
   555 | D        | Found a snail-covered altar of Cheibriados.
   555 | D        | Found a shadowy altar of Dithmenos.
   561 | D        | Killed a slime creature
   561 | D        | Reached skill level 18 in Maces & Flails
   561 | D        | Reached XP level 7. HP: 42/70 MP: 7/7
   705 | D        | Noticed a kobold demonologist
   707 | D        | Noticed a kobold demonologist
   709 | D        | Paralysed by a giant eyeball for 3 turns
   712 | D        | Noticed a chaos spawn
   713 | D        | Killed a kobold demonologist
   713 | D        | Acquired Trog's third power
   713 | D        | Reached skill level 10 in Fighting
   720 | D        | Killed a kobold demonologist
   720 | D        | Reached XP level 8. HP: 101/101 MP: 8/8
   820 | D        | Noticed a demonic crawler
   820 | D        | Noticed a demonic crawler
   820 | D        | Noticed a demonic crawler
   820 | D        | Noticed a demonic crawler
   826 | D        | Killed a demonic crawler
   826 | D        | Reached skill level 5 in Dodging
   835 | D        | HP: 4/101 [demonic crawler (6)]
   835 | D        | Mangled by a demonic crawler

Action                   |  1- 3 |  4- 6 |  7- 9 || total
-------------------------+-------+-------+-------++-------
Melee: Mace              |    22 |       |       ||    22
       Giant club        |       |    11 |    18 ||    29
Invok: Berserk           |     1 |     2 |     2 ||     5
       Trog's Hand       |       |       |     1 ||     1
  Eat: Meat ration       |       |     1 |       ||     1
